[Event "Chessable English Open-ch 2022"]
[Site "Kenilwoth"]
[Date "2022.05.20"]
[Round "3.9"]
[White "Hepworth, Peter"]
[Black "Okhai, Shabir"]
[Result "0-1"]
[ECO "D32"]
[WhiteElo "1843"]
[BlackElo "2121"]
[Annotator "TA"]
[PlyCount "104"]
[EventDate "2022.05.18"]
[EventType "swiss"]
[EventCountry "ENG"]
[SourceTitle "playchess.com"]
[Source "ChessBase"]
[SourceQuality "1"]
[TimeControl "5400+30"]

1. d4 Nf6 2. Nf3 e6 3. c4 c5 4. e3 d5 5. cxd5 exd5 6. Nc3 a6 7. Be2 cxd4 8. Nxd4 Nc6 9. O-O Bd6 10. Bf3 O-O 11. Nxc6 bxc6 12. b3 Re8 13. Bb2 {[%emt 0:00:16] [#]} Bc7 $146 {[%emt 0:07:17] D32: Tarrasch Defence: Sidelines and lines without g3.} ({Predecessor:} 13... Bb8 14. Rc1 Qd6 15. g3 Ba7 16. Re1 Bh3 17. Ne2 Ne4 18. Nf4 Bf5 19. Bg4 Bxg4 20. Qxg4 f6 21. Kg2 {½-½ (75) Almagro Llamas,P (2429)-Demuth,A (2535) Caleta 2016}) 14. Na4 Ne4 15. Rc1 Qd6 {[%emt 0:02:40][%csl Gc7][%cal Rd6h2] White is slightly better.} 16. g3 Bh3 17. Re1 (17. Qd4 $14 f6 18. Rfd1) 17... Qg6 18. Bh5 Qf5 19. f4 (19. Qf3 $14) 19... Ba5 $36 {[%emt 0:06:25][%mdl 2048] Keeping White busy.} 20. Nc3 (20. g4 $17 Qe6 21. Qf3 Bxe1 22. Rxe1) 20... Nf6 (20... Rad8 $19 21. a3 Nf6) 21. Bf3 $17 Bg4 (21... Rab8 $17 {Hoping for ...Bg4.} 22. Re2 Bb6) 22. Bxg4 $1 $15 Nxg4 23. Qd4 {[%emt 0:00:09] Prevents Bb6.} Qh5 24. h4 (24. Re2 $15) 24... Nf6 25. Kg2 {[%emt 0:03:10] Inhibits Qf3+.} Qg6 ({Weaker is} 25... Qg4 26. Qd1 $17) (25... Re6 $142 $1 26. Rf1 Rae8) 26. Rf1 (26. Qd1 $17) 26... Rab8 ({Better is} 26... Bxc3 $19 27. Qxc3 Ne4) 27. Rf3 {[%emt 0:00:49] [#]} (27. f5 $15 Qg4 28. Qxg4 Nxg4 29. Nd1) 27... Bb6 $1 $17 28. f5 Qh6 29. Qf4 Qxf4 30. exf4 Bd4 (30... h5 $17 {White must now prevent ...Ng4.} 31. Na4 Re2+ 32. Kf1 Rh2 33. Nxb6 Rxb2 34. Rxc6 Rxa2 35. Rc8+ Rxc8 36. Nxc8 Rc2) 31. Rc2 (31. Rd3 $11 c5 32. Rc2) 31... Ng4 32. Nd1 Ba7 {[%emt 0:01:18] 0x0.00084316e4bddp-1022s more active pieces.} ({Black should play} 32... Bxb2 $17 33. Rxb2 h5) 33. h5 $1 $11 Re1 34. Rd2 (34. Kh3 $1 $11 {was the only way to keep the balance.}) 34... Rbe8 $17 {[%emt 0:01:32] White is now going downhill.} 35. Kh3 {[%emt 0:00:46] [#]} (35. Rf1 $17) 35... Nh6 $1 $19 36. f6 $2 (36. Nf2 {keeps fighting.} Nxf5 37. g4) 36... Rh1+ 37. Kg2 Ree1 38. Re3 Bxe3 39. Nxe3 Rxh5 ({Worse is} 39... Rxe3 40. Kxh1 Nf5 41. Kg2 $15 (41. g4 Ng3+ 42. Kg2 Ne4 $17)) 40. Kf2 (40. Kf3 {was necessary.} Rh3 41. fxg7) 40... Rb1 (40... Reh1 $142 {aiming for ...R5h2+.} 41. Kf3 R5h2) 41. Rc2 $2 (41. Kf3) 41... Rh2+ 42. Ng2 Ng4+ 43. Kf3 Nxf6 44. Bxf6 gxf6 {[%emt 0:00:15][%mdl 4096] Endgame KRR-KRN} 45. Re2 Kf8 {[%emt 0:01:57] ...Rf1+ is the strong threat.} 46. Rc2 Rf1+ 47. Kg4 Rg1 48. Rxc6 Rhxg2 49. Rxa6 Rxg3+ {[%emt 0:00:23] Black mates.} 50. Kf5 Rg6 51. Ra8+ Kg7 52. Rd8 Rh6 {[%emt 0:00:33] Weighted Error Value: White=0.94/Black=0.34} 0-1

[Event "Chessable English Open-ch 2022"]
[Site "Kenilwoth"]
[Date "2022.05.20"]
[Round "3.10"]
[White "Khoury, Theo"]
[Black "Shenbagakumar, Gautham"]
[Result "0-1"]
[ECO "B80"]
[WhiteElo "1927"]
[BlackElo "1700"]
[Annotator "TA"]
[PlyCount "46"]
[EventDate "2022.05.18"]
[EventType "swiss"]
[EventCountry "ENG"]
[SourceTitle "playchess.com"]
[Source "ChessBase"]
[SourceQuality "1"]
[TimeControl "5400+30"]

1. e4 c5 2. Nf3 d6 3. d4 cxd4 4. Nxd4 Nf6 5. Nc3 a6 6. f3 e6 7. Be3 b5 8. Qd2 Bb7 9. O-O-O Nbd7 10. g4 h6 11. h4 b4 12. Na4 Qa5 13. b3 d5 {[%emt 0:00:15] [#] B80: Sicilian Scheveningen: 6 g3 and 6 Be3, including English Attack.} (13... Nc5 $1 $11 {remains equal.}) 14. exd5 $2 (14. e5 $1 $16 ) 14... Nxd5 $15 {[%emt 0:00:03] [#] And now ...Nc5 would win.} 15. Kb2 $146 (15. Bc4 $15) ({Predecessor:} 15. Re1 Nc5 16. Nxc5 Qa3+ 17. Kd1 Bxc5 18. Ke2 O-O-O 19. Nb5 Nf4+ 20. Bxf4 Rxd2+ 21. Kxd2 Rd8+ {0-1 (21) Papastavropoulos,A (2211)-Belov,V (2470) Ano Liosia 2000}) 15... Rd8 {[%emt 0:04:05][%cal Od5c3] aiming for ...Nc3! Black has a decisive advantage.} 16. Bd3 Nc5 17. Rhe1 Be7 18. g5 $2 (18. Nxc5 Qa3+ 19. Kb1 (19. Ka1 $2 Nc3 $19) 19... Nc3+ 20. Qxc3 bxc3 21. Na4) 18... Nxa4+ $19 19. bxa4 Qxa4 {[%emt 0:00:06] Hoping for ...Nc3.} 20. Bc4 Nc3 {[%emt 0:02:15] Threatens to win with ...Bd5.} ({Not} 20... Rc8 21. Bb3 Qa5 22. gxh6 $17) 21. Rc1 Bd5 22. Qd3 Rc8 (22... Qa3+ $142 23. Ka1 {[#]} b3 $1 24. Bxb3 Bxb3 25. Qxa6 Qxa6 26. Kb2 Ba3+ 27. Kxb3 Rb8+ 28. Nb5 Qxb5+ 29. Kxc3 Bb4+ 30. Kb3 Bxe1+ 31. Ka3 Qb4#) 23. Bxd5 exd5 {[%emt 0:00:24] White got outplayed after the opening.  Weighted Error Value: White=1.71/Black=0.88} 0-1

[Event "Chessable English Open-ch 2022"]
[Site "Kenilwoth"]
[Date "2022.05.20"]
[Round "3.11"]
[White "Parker, Keith"]
[Black "Ireland, David J"]
[Result "1/2-1/2"]
[ECO "D02"]
[WhiteElo "1815"]
[BlackElo "2000"]
[Annotator "TA"]
[PlyCount "106"]
[EventDate "2022.05.18"]
[EventType "swiss"]
[EventCountry "ENG"]
[SourceTitle "playchess.com"]
[Source "ChessBase"]
[SourceQuality "1"]
[TimeControl "5400+30"]

1. d4 d5 2. Nf3 c5 3. g3 cxd4 4. Bg2 Nf6 5. O-O g6 6. Nxd4 {[%emt 0:01:32][%cal Oc2c4] D02: 1 d4 d5 2 Nf3 sidelines, including 2...Nf6 3 g3 and 2...Nf6 3 Bf4.} Bg7 7. c4 {[%emt 0:02:55] 7.Nb3 is the hot move.} e5 {[%emt 0:08:50] [#]} 8. Nc2 $146 (8. Nb3) (8. Nf3 Nc6 9. Bg5 d4 10. e3 h6 11. Bxf6 Bxf6 12. exd4 exd4 13. Re1+ Kf8 14. Nbd2) (8. Nb3 $14) ({Predecessor:} 8. Nf3 Nc6 9. Bg5 d4 10. e3 h6 11. Bxf6 Bxf6 12. exd4 exd4 13. Re1+ Kf8 14. Nbd2 {½-½ (57) Shuvalov,E (2182)-Sarkar,J (2374) Chess.com INT 2020}) 8... d4 $11 9. Bg5 Nc6 10. e3 h6 11. Bxf6 Qxf6 12. exd4 exd4 (12... Nxd4 13. Nxd4 exd4 14. Re1+ Kf8 15. Nd2) ({But not} 12... Nxd4 13. Nxd4 exd4 14. Re1+ Kf8 15. Nd2 $14) 13. Re1+ Be6 14. Nb4 O-O 15. Nd5 (15. Nxc6 bxc6 16. Nd2 Rad8) ({Much weaker is} 15. Nxc6 bxc6 16. Nd2 Rad8 $15) 15... Bxd5 16. cxd5 Ne5 17. Nd2 Rfe8 18. Qb3 Qb6 (18... Ng4 19. Nf3) 19. Qxb6 axb6 20. Nb3 Nc4 21. Rxe8+ Rxe8 22. Rd1 ({White should play} 22. Rc1 $1 $15 Nd6 23. Bf1) 22... Nxb2 $17 23. Rb1 d3 $1 24. Bf3 Nc4 ({Better is} 24... Bc3 {aiming for ...Re1+.} 25. Kg2 Kg7) 25. Rd1 {[%emt 0:01:08] Prevents Re1+.} Nb2 (25... Rd8 $17) 26. Rc1 (26. Rb1 $1 $11 {was the only way to keep the balance.}) 26... Be5 27. Nd2 Kf8 28. Bg2 (28. h4 {keeps fighting.}) 28... Bd6 29. Rb1 {[%emt 0:03:01] [#]} Ba3 30. Bf3 {[%emt 0:01:56] Inhibits Re2.} b5 31. Kf1 (31. Nb3 {is a better defense.}) 31... f5 (31... Nc4 $19 32. Nb3 d2) 32. g4 $2 (32. Nb3 $17 {was called for.}) 32... Nc4 $19 33. Rd1 Bb4 34. Nb3 Ne5 35. Kg2 Rd8 $2 (35... fxg4 $19 {is more deadly.} 36. Be4 Ra8 37. Bxd3 Rxa2 38. Bxb5 Rb2) 36. gxf5 $17 gxf5 37. Nd4 Rd6 38. Nxf5 Rg6+ 39. Ng3 d2 (39... Rf6 $1 $15 {might be stronger.} 40. Be4 d2) 40. Be4 (40. Be2 $11) 40... Ra6 41. Nf5 Rxa2 42. Nd4 (42. d6 $17 {might work better.}) 42... Ke7 $19 43. Nxb5 Nc4 {[%emt 0:00:13] Against d6+. ...Nb2 is the strong threat.} 44. Bf3 Nb2 (44... Rc2 $19 {And now ...Rc1 would win.} 45. d6+ Bxd6) 45. Rb1 $17 {[%emt 0:00:09][%cal Od5d6] [#]} Nd3 $1 46. Kf1 $2 (46. Be2 $17 Rc2 47. Bxd3 (47. d6+ $2 Kd8 $19)) 46... Bc5 $2 ({Black should try} 46... Rc2 $19 {White must now prevent ...Rc1+.} 47. Bd1 Rc1 48. Rxb4 Nxb4) 47. Nc3 $11 d1=Q+ 48. Nxd1 Nxf2 49. Rxb7+ Kd6 50. Rh7 Nxd1 51. Rxh6+ Ke5 {[%emt 0:00:37] Hoping for ...Ne3+.} 52. Bxd1 Kxd5 $2 (52... Rb2 $11) 53. Bb3+ Kd4 {[%emt 0:00:30][%mdl 32768] What a bad dream for Black.  Weighted Error Value: White=0.28 (precise) /Black=0.46. An unexpected result.} 1/2-1/2

[Event "Chessable English Open-ch 2022"]
[Site "Kenilwoth"]
[Date "2022.05.20"]
[Round "3.12"]
[White "Macklin, Paul"]
[Black "Shearsby, Jude"]
[Result "1/2-1/2"]
[ECO "B50"]
[WhiteElo "2350"]
[BlackElo "1849"]
[Annotator "TA"]
[PlyCount "57"]
[EventDate "2022.05.18"]
[EventType "swiss"]
[EventCountry "ENG"]
[SourceTitle "playchess.com"]
[Source "ChessBase"]
[SourceQuality "1"]
[TimeControl "5400+30"]

1. e4 c5 2. Nf3 d6 3. c3 Nf6 4. Be2 g6 5. O-O Bg7 6. d3 O-O 7. Be3 $1 {[%emt 0:00:21][%mdl 4] now scores much better than the old 7.Nbd2. B50: Sicilian: 2...d6, Miscellaneous.} e5 {[%emt 0:00:40] [#]} 8. Nbd2 $146 ({Predecessor:} 8. h3 h6 9. a4 b6 10. Nbd2 Re8 11. Nc4 Nc6 12. Qd2 Kh7 13. Rad1 d5 14. exd5 Nxd5 {½-½ (45) Kim,P-Barg,A Winnipeg 1998}) 8... Re8 9. a3 {[%emt 0:00:48] The position is equal.} Nc6 10. Re1 h6 11. h3 g5 12. Nh2 b6 13. Ng4 Be6 14. Bf3 Nxg4 15. hxg4 {[%emt 0:02:17] [#]} d5 (15... Nd4 $1 $11 {keeps the balance.}) 16. exd5 $16 Bxd5 17. Be4 Qd7 18. Qf3 Rad8 19. Rad1 Ne7 {[%emt 0:03:03] [#] ...Be6 is the strong threat.} 20. Bxd5 Qxd5 21. Ne4 Ng6 22. g3 Rf8 23. c4 Qe6 24. b4 {[%emt 0:02:28] White is more active.} f5 25. gxf5 Rxf5 26. Qg2 cxb4 27. axb4 Ne7 28. b5 (28. Ra1 $16) 28... Rf7 29. Re2 {[%emt 0:03:00] Weighted Error Value: White=0.15 (very precise) /Black=0.23 (precise)} 1/2-1/2

[Event "Chessable English Open-ch 2022"]
[Site "Kenilwoth"]
[Date "2022.05.20"]
[Round "3.13"]
[White "Thompson, Ian D"]
[Black "Pert, Max"]
[Result "1/2-1/2"]
[ECO "A29"]
[WhiteElo "2074"]
[BlackElo "1634"]
[Annotator "TA"]
[PlyCount "135"]
[EventDate "2022.05.18"]
[EventType "swiss"]
[EventCountry "ENG"]
[SourceTitle "playchess.com"]
[Source "ChessBase"]
[SourceQuality "1"]
[TimeControl "5400+30"]

1. c4 e5 2. Nc3 Nc6 3. g3 Bc5 4. Bg2 d6 5. e3 a6 6. Nf3 Nf6 7. O-O O-O 8. d4 {[%emt 0:02:55] A29: English Opening: Four Knights Variation with 4 g3.} Ba7 9. h3 h6 10. a3 {[%emt 0:07:47] White is slightly better.} Bf5 11. b4 {[%emt 0:02:46] [#]} Nd7 $146 ({Predecessor:} 11... Bh7 12. Bb2 exd4 13. exd4 Ne4 14. Nxe4 Bxe4 15. d5 Ne7 16. Nh4 Bxg2 17. Kxg2 Qd7 {0-1 (24) Roque Sola,G (2046)-Aghasiyev,K (2441) Chess.com INT 2020}) 12. Bb2 (12. Ne2 $14 {deserves consideration.}) 12... Nb6 13. d5 Ne7 (13... Nxc4 $2 14. dxc6 bxc6 15. Qe2 $18) 14. Qe2 Qd7 15. Kh2 Na4 16. Nxa4 Qxa4 17. Rac1 Qd7 (17... Be4 $11) 18. Rfd1 Rac8 19. Nd2 Bg6 20. c5 Qb5 (20... f6 $14) 21. Qxb5 $16 axb5 22. Nb3 (22. Ne4 $142) 22... Rfd8 (22... f6 $16) 23. e4 (23. Na5 $1 $18 ) 23... f6 24. f4 Bf7 ({Black should try} 24... Rb8) 25. fxe5 (25. Na5 $142 $1 ) 25... dxe5 26. Na5 Rb8 27. d6 {[%emt 0:04:49] White is more active.} (27. Bf3 $14) 27... cxd6 $11 28. cxd6 Nc8 (28... Nc6 $5) 29. d7 $36 {[%emt 0:00:14][%mdl 2048] White has good play.} Nb6 $1 30. Rc7 Nc4 $2 (30... Be6 $11) 31. Nxb7 $2 (31. Bc3 $1 $18) 31... Bb6 $1 32. Rxc4 Bxc4 33. Nxd8 Rxd8 34. Bf3 Be6 $2 (34... Kf7 $11 {and Black stays safe.}) 35. Rd6 $1 $18 Rxd7 36. Rxe6 Rd2+ 37. Bg2 Bf2 {[%emt 0:00:24] [#]} 38. Bc3 Rc2 39. Bxe5 fxe5 (39... Kf7 $5 40. Ra6 fxe5 $11) 40. Rxe5 {[%emt 0:00:39][%mdl 4096] Endgame KRB-KRB} Rc3 41. Rxb5 Bxg3+ 42. Kg1 {[%emt 0:00:07] Black must now prevent a4.} Rxa3 43. Rd5 Re3 44. Rd1 Rb3 45. Rd4 Rb2 {[%emt 0:00:57] aiming for ...Bf2+.} 46. Rc4 Be1 47. e5 Re2 48. Bd5+ Kh7 $2 {[%emt 0:00:48][%mdl 8192] [#]} (48... Kf8 $14) 49. Be4+ $2 (49. Kf1 $1 $18 {[%cal Rf1e2] is the precise move to win.} Rxe5 50. Be4+ Kg8 51. Kxe1) 49... Kg8 $16 50. e6 Kf8 51. b5 Rb2 $2 ({Better is} 51... Ba5 $14) 52. Bc6 $2 (52. Rc7 $18 {e7+ would kill now.} Bh4 53. Bc6) 52... Ke7 $11 {[%emt 0:00:46] The position is equal.} 53. Bd7 Bg3 54. Rc8 Bh4 55. Kf1 Rf2+ 56. Kg1 Rb2 57. Re8+ Kd6 58. Rc8 Ke7 59. Rc4 Bf6 60. Kf1 Be5 61. Rc8 Bf6 62. Ke1 Kd6 63. Rc6+ Ke7 64. Kd1 Kd8 65. Kc1 Ke7 66. Rc8 Rb3 67. Kc2 Rxh3 68. Re8+ {[%emt 0:01:34] Weighted Error Value: White=0.46/Black=0.51} 1/2-1/2

[Event "Chessable English Open-ch 2022"]
[Site "Kenilwoth"]
[Date "2022.05.20"]
[Round "3.14"]
[White "Duncan, Patrick C M"]
[Black "Kumar, Soham"]
[Result "1/2-1/2"]
[ECO "A01"]
[WhiteElo "2013"]
[BlackElo "1678"]
[Annotator "TA"]
[PlyCount "36"]
[EventDate "2022.05.18"]
[EventType "swiss"]
[EventCountry "ENG"]
[SourceTitle "playchess.com"]
[Source "ChessBase"]
[SourceQuality "1"]
[TimeControl "5400+30"]

1. b3 e5 2. Bb2 Nc6 3. e3 Nf6 4. Nf3 e4 5. Nd4 Bc5 6. Nf5 {[%emt 0:05:12] [#] A01: Nimzowitsch-Larsen Opening.} (6. Nxc6 $142 dxc6 7. d4 exd3 8. Bxd3) 6... Rg8 $146 ({Black should play} 6... g6 $11 7. Ng3 d5) ({Predecessor:} 6... O-O 7. c4 d5 8. cxd5 Nb4 9. Ng3 Nbxd5 10. Qc2 Qe7 11. Nc3 Nb4 12. Qb1 Re8 13. a3 {0-1 (33) Lenderman,A (2600)-Andreikin,D (2724) Chess.com INT 2022}) 7. d4 exd3 8. Bxd3 {[%emt 0:00:27] White is slightly better.} d5 9. Nd2 Bxf5 10. Bxf5 d4 11. Qe2 (11. Qf3 $14) 11... dxe3 12. fxe3 {[%emt 0:03:19] aiming for 0-0-0.} Qe7 (12... g6 $11 {remains equal.} 13. Bh3 Qe7) 13. O-O-O ({White should try} 13. Bxf6 $16 Qxf6 14. O-O) 13... Ba3 $11 14. Nc4 Bxb2+ 15. Kxb2 g6 16. Bh3 Kf8 17. Qe1 (17. g4 $11 {keeps the balance.}) 17... Kg7 18. Qc3 {[%emt 0:00:23] [#]} Rgd8 {[%emt 0:03:24] Prevents Rd7.  Weighted Error Value: White=0.52/Black=0.28 (precise)} (18... Kh6 $1 $17 19. Qe1 Rad8) 1/2-1/2

[Event "Chessable English Open-ch 2022"]
[Site "Kenilwoth"]
[Date "2022.05.20"]
[Round "3.15"]
[White "Wells, Daniel J"]
[Black "Herring, Samuel"]
[Result "1/2-1/2"]
[ECO "B12"]
[WhiteElo "2020"]
[BlackElo "1900"]
[Annotator "TA"]
[PlyCount "63"]
[EventDate "2022.05.18"]
[EventType "swiss"]
[EventCountry "ENG"]
[SourceTitle "playchess.com"]
[Source "ChessBase"]
[SourceQuality "1"]
[TimeControl "5400+30"]

1. e4 c6 2. d4 d5 3. e5 c5 4. Nf3 cxd4 5. Nxd4 Nc6 6. c4 {[%emt 0:06:32] B12: Caro-Kann: Advance Variation.} e6 7. Nc3 {[%emt 0:09:38] Black should prevent cxd5.} Bb4 8. Nxc6 bxc6 9. Qa4 a5 10. a3 (10. Qxc6+ Bd7 11. Qb7 d4) (10. cxd5 Qxd5 11. Qxb4 (11. Be3 Ne7) 11... axb4 12. Nxd5 exd5 13. Be3) ({Reject} 10. Qxc6+ Bd7 11. Qb7 d4 $15) 10... Bxc3+ 11. bxc3 Ne7 12. Be3 O-O (12... Qc7 $5 ) 13. Bd3 Ba6 (13... Qc7) 14. O-O {[%emt 0:00:40] [#]} Bxc4 $146 ({Predecessor:} 14... dxc4 15. Bxc4 Bxc4 16. Qxc4 Qd5 17. Qxd5 Nxd5 18. Bc5 Rfd8 19. c4 Nc3 20. Bd6 f5 {1-0 (42) Sanchez,J (2533)-Valsecchi,A (2422) Milan 2012}) 15. Bxc4 dxc4 16. Bc5 Re8 17. Rfd1 {[%emt 0:01:37] Against Qd5} Nd5 (17... Qb8) (17... Qb8 $15) 18. Qxc4 $11 Qg5 (18... Qb8) 19. Re1 Qd2 20. Bd4 Rec8 21. Rad1 Qb2 22. Qc5 Nf4 23. g3 Ne2+ 24. Kg2 {[%emt 0:00:08] [#] Strongly threatening Be3.} Nxd4 25. Rxd4 Qb5 26. Qe7 (26. Rc4 $1 $14 {was preferrable.}) 26... c5 27. Rd7 Rf8 28. Red1 Qc6+ (28... Qc4 $2 29. Rd8 Qe4+ 30. Kg1 Qe1+ 31. Rxe1 $18) 29. Kg1 {[%emt 0:00:17] R1d6 is the strong threat.} Rab8 $2 {[%emt 0:00:40][%mdl 8192] [#]} (29... h5 $11) 30. Rc7 $2 ({White has to play} 30. Rd8 $1 $18 Qe8 31. Rxe8 Rfxe8 32. Qxc5) 30... Qf3 31. Qd6 {[%emt 0:00:49] Active counter play!} g6 32. Qd3 {[%emt 0:03:57] Weighted Error Value: White=0.26 (precise) /Black=0.14 (very precise)} 1/2-1/2

[Event "Chessable English Open-ch 2022"]
[Site "Kenilwoth"]
[Date "2022.05.20"]
[Round "3.16"]
[White "Larkin, Benjamin"]
[Black "Zheng, Harry Z"]
[Result "0-1"]
[ECO "E05"]
[WhiteElo "1853"]
[BlackElo "1915"]
[Annotator "TA"]
[PlyCount "66"]
[EventDate "2022.05.18"]
[EventType "swiss"]
[EventCountry "ENG"]
[SourceTitle "playchess.com"]
[Source "ChessBase"]
[SourceQuality "1"]
[TimeControl "5400+30"]

1. Nf3 Nf6 2. c4 e6 3. g3 d5 4. Bg2 Be7 5. O-O O-O 6. d4 dxc4 7. a4 {[%emt 0:00:06] E05: Open Catalan: 5 Nf3 Be7.} (7. Ne5) 7... c5 (7... Nc6) 8. dxc5 Qxd1 9. Rxd1 {[%emt 0:00:01] The position is equal.} Bxc5 10. Ne5 {[%emt 0:00:33] [#] Inhibits Nc6.} Na6 $146 (10... Nc6 11. Nxc4 e5) (10... Nc6 $11 {keeps the balance.} 11. Nxc4 e5) ({Predecessor:} 10... Nc6 11. Nxc6 bxc6 12. Bxc6 Rb8 13. Nc3 a6 14. a5 e5 15. Bg5 Rxb2 16. Na4 Bxf2+ 17. Kxf2 {1-0 (26) Heinert,E (2208)-Schwarzenberg,J (2135) Muenster 2011}) 11. Na3 (11. Nxc4 Nd5 12. Nc3 (12. Bxd5 exd5 13. Ne3 d4)) 11... Nb4 12. Naxc4 Nfd5 13. b3 ({Better is} 13. a5 $14) 13... Nc2 $11 14. Ra2 Nd4 (14... Nc3 15. Rxc2 Nxd1 16. Nd3) (14... Ndb4 15. Rb2 f6) (14... Nc3 15. Rxc2 Nxd1 16. Nd3 $16) 15. e3 (15. Rb2) 15... Nxb3 16. Ba3 $2 (16. Bb2) (16. Bb2 $11 {and White has nothing to worry.}) 16... Nc3 $1 $19 17. Rb2 Nxd1 18. Rxb3 Bxa3 19. Rxa3 Rd8 (19... f6 20. Nd3 Rf7) (19... f6 $1 $19 20. Nd3 Rf7) 20. Bf3 $1 $11 Rb8 (20... f6 $5 21. Nd3 e5 $1 22. Bxd1 Bf5 $11) 21. Nd3 (21. a5) (21. a5 $11) 21... b5 $19 22. axb5 {[%emt 0:02:00] [#]} Rxb5 $1 {[%emt 0:04:46][%cal Oc8b7] ...Bb7! is the strong threat.} 23. Bxd1 Rb1 24. Ncb2 Bb7 $36 {[%emt 0:03:15][%mdl 2048] White is under strong pressure.} 25. Kf1 {[%emt 0:03:34] [#]} e5 $1 {[%emt 0:01:44] Strongly threatening ...Bf3.} 26. Ke2 {[%emt 0:07:15] Prevents Bf3+. aiming for Bc2.} (26. Rxa7 Bf3 27. Ne1 Bxd1 28. Nxd1 Rbxd1) ({But not} 26. Rxa7 $2 Bf3 27. Ne1 Bxd1 28. Nxd1 Rbxd1 $19) 26... e4 {[%emt 0:00:35] Black is more active.} 27. Bc2 exd3+ 28. Nxd3 Rb6 29. Rxa7 Ba6 30. e4 $2 {[%emt 0:03:15][%mdl 8192] White does not recover from this.} (30. Ke1 $17 {is a better chance.}) 30... g6 {[%emt 0:00:48] Black is clearly winning.} ({Wrong is} 30... Rbd6 $2 31. Rxa6 Rxa6 32. Bb3 $19) 31. Rc7 (31. Rxa6 $142 Rxa6 32. Bb3) 31... Rb2 {[%emt 0:02:18] White must now prevent ...Bxd3+.} ({Weaker is} 31... Rbd6 32. Rc3 $17) 32. Ke3 Bxd3 33. Bxd3 Rb3 {[%emt 0:13:09] Weighted Error Value: White=0.62/Black=0.25 (precise)} 0-1

[Event "Chessable English Open-ch 2022"]
[Site "Kenilwoth"]
[Date "2022.05.20"]
[Round "4.1"]
[White "Hebden, Mark L"]
[Black "Derakhshani, Borna"]
[Result "1-0"]
[ECO "D12"]
[WhiteElo "2452"]
[BlackElo "2388"]
[Annotator "TA"]
[PlyCount "53"]
[EventDate "2022.05.18"]
[EventType "swiss"]
[EventCountry "ENG"]
[SourceTitle "playchess.com"]
[Source "ChessBase"]
[SourceQuality "1"]
[TimeControl "5400+30"]

1. d4 d5 2. c4 c6 3. Nf3 Nf6 4. e3 Bf5 5. cxd5 cxd5 6. Qb3 Qc7 7. Bd2 e6 8. Bb5+ Nc6 9. O-O $1 {[%emt 0:00:36] The main line 9.0-0 scores better than 9.Bb4.} Bd6 10. Bb4 O-O {[%emt 0:01:05] D12: Slav Defence: 3 Nf3 Nf6 4 e3 Bf5.} 11. Bxc6 Bxb4 {[%emt 0:08:49] was the old line (11...bxc6).} 12. Qxb4 Qxc6 {[%emt 0:00:05] The position is equal.} 13. Ne5 Qa6 14. Nc3 Rac8 (14... Ng4 $11) 15. Rfc1 {[%emt 0:05:13] [#]} Rc7 $146 {[%emt 0:07:48] [#]} (15... Ng4 $14) ({Predecessor:} 15... Rfe8 16. a4 Qb6 17. Qxb6 axb6 18. Nb5 Rxc1+ 19. Rxc1 Re7 20. Rc8+ Ne8 21. Nd6 Kf8 22. Nd7+ {1-0 (22) Ma,Z (2336)-Zhang,Z (2118) Beijing 2012}) 16. Nb5 $1 $16 Rxc1+ 17. Rxc1 {[%emt 0:00:07] Black must now prevent a4.} Qxa2 18. Nd6 {[%emt 0:03:51] White is more active.} b6 (18... Qa6 $16) 19. Nc8 $40 {[%emt 0:03:51][%mdl 128] White wants a kill. Pair of Knights!} ({Better is} 19. Ndxf7 $1 $18 h6 20. h3) 19... g6 $2 (19... g5 $16) 20. h3 $18 Kg7 21. Kh2 (21. Nd6 $18 {Hoping for Ndxf7.} Bc2 22. Kh2 (22. Ndxf7 Rxf7 23. Nxf7 Kxf7 $16)) 21... Qa6 $2 (21... g5 $16) 22. Qe7 {[%emt 0:06:08] Nd6 is the strong threat.} Qe2 (22... Ng8 $142 23. Qc7 (23. Qxa7 Qxa7 24. Nxa7 g5 $16) 23... g5) 23. Nd6 {[%emt 0:02:44] White wants to mate with Rc8.} Bxh3 24. Rc8 {[%emt 0:02:08][%mdl 64] [#] Deflection. White mates.} ({Weaker is} 24. Kxh3 Qh5+ 25. Kg3 g5 $16) 24... Rxc8 25. Qxf7+ Kh8 26. Qxf6+ Kg8 27. Nef7 {[%emt 0:01:24] Black did not feel at home in the position after the opening.  Weighted Error Value: White=0.18 (very precise) /Black=0.75} 1-0